 Dungeon Crawl Stone Soup version 0.14-a0-848-g57a047c (webtiles) character file.

183 4tharraofdagon the Chopper (level 4, -3/45 HPs)
             Began as a Troll Gladiator on Nov 14, 2013.
             Was an Initiate of Makhleb.
             Slain by an iguana zombie (5 damage)
             ... on Level 6 of the Dungeon.
             The game lasted 00:03:35 (941 turns).

4tharraofdagon the Chopper (Troll Gladiator)         Turns: 941, Time: 00:03:35

HP  -3/45        AC  5     Str 24      XL: 4   Next: 56%
MP   1/1         EV 10     Int  5 (9)  God: Makhleb [......]
Gold 76          SH  0     Dex 10      Spells:  0 memorised,  3 levels left

Res.Fire  : . . .   See Invis. : .   q - +0,+2 orc hand axe (vamp)
Res.Cold  : . . .   Warding    : .   b - +0 animal skin
Life Prot.: . . .   Conserve   : .   (shield restricted)
Res.Poison: .       Res.Corr.  : .   c - +0 cap
Res.Elec. : .       Clarity    : .   (no cloak)
Sust.Abil.: . .     Spirit.Shd : .   (gloves unavailable)
Res.Mut.  : .       Stasis     : .   (boots unavailable)
Res.Rott. : .       Flight     : .   (no amulet)
Gourmand  : +                        (no ring)
                                     g - +5 ring of intelligence

@: slightly resistant to hostile enchantments, unstealthy
A: unfitting armour, claws 3, fast metabolism 3, gourmand, regeneration 2,
saprovore 2, tough skin 2, AC +1
a: Renounce Religion


You were on level 6 of the Dungeon.
You worshipped Makhleb.
Makhleb was noncommittal.
You were not hungry.

You visited 2 branches of the dungeon, and saw 7 of its levels.

You collected 76 gold pieces.

Inventory:

Hand weapons
 a - a +0,+0 hand axe
 q - a +0,+2 orcish vampiric hand axe (weapon)
Missiles
 d - 2 throwing nets (quivered)
 p - a throwing net [frayed]
Armour
 b - a +0 animal skin (worn)
 c - a +0 cap (worn)
Comestibles
 f - 2 meat rations
 k - a honeycomb
 o - 3 bread rations
Scrolls
 e - a scroll of enchant weapon II {unknown}
 h - 2 scrolls of teleportation {unknown}
 i - a scroll of identify {unknown}
 j - 2 scrolls of noise {unknown}
 l - a scroll of remove curse {unknown}
 n - a scroll of curse jewellery {unknown}
Jewellery
 g - a +5 ring of intelligence (left claw)
Potions
 m - a potion of curing


   Skills:
 + Level 2.7 Fighting
 * Level 3.8 Axes
 - Level 1.7 Throwing
 - Level 2.4 Dodging


You had 3 spell levels left.
You didn't know any spells.

Dungeon Overview and Level Annotations

Branches:
Dungeon (6/16)             Temple (1/1) D:4
    Orc: D:6-11

Altars:
Ashenzari
Cheibriados
Elyvilon
Makhleb
Nemelex Xobeh
Trog
Xom
Zin
the Shining One


Innate Abilities, Weirdness & Mutations

You are too large for most types of armour.
You have claws for hands.
Your metabolism is lightning-fast.
You like to eat raw meat.
You heal very quickly.
You can eat rotten meat.
You are covered in fur (AC +1).
You have very tough skin (AC +2).


Message History

The giant frog is severely wounded.
The giant frog hits you!
* * * LOW HITPOINT WARNING * * *
The iguana zombie barely misses you. The giant frog hits you.
* * * LOW HITPOINT WARNING * * *
You are too injured to fight recklessly!
You are too injured to fight recklessly!
You are too injured to fight recklessly!
You hit the iguana zombie. You closely miss the giant frog.
The giant frog is severely wounded.
The giant frog hits you.
* * * LOW HITPOINT WARNING * * *
The iguana zombie closely misses you.
Unknown command.
You barely miss the giant frog.
The giant frog is severely wounded.
You hit the iguana zombie. The giant frog hits you.
* * * LOW HITPOINT WARNING * * *
The iguana zombie bites you.
You die...

#########
#.......#
#.♣z♣.♣.#
#.@F....#..
#<%........#
#.......###
#.♣.♣.♣[#
#.......#
#########


You could see a giant frog and an iguana zombie.

Vanquished Creatures
  A black bear skeleton (D:5)
  An ogre skeleton (D:5)
  2 adders (D:3)
  A worm (D:3)
  An inept feature mimic (D:5)
  An orc (D:5)
  2 ball pythons (D:1)
  3 bats
  A giant cockroach (D:4)
  3 goblins
  4 hobgoblins
  4 jackals (D:4)
  2 quokkas
  A giant newt (D:6)
  4 kobolds
  3 rats
34 creatures vanquished.

Notes
Turn   | Place    | Note
--------------------------------------------------------------
     0 | D:1      | 4tharraofdagon, the Troll Gladiator, began the quest for the Orb.
     0 | D:1      | Reached XP level 1. HP: 22/22 MP: 0/0
   110 | D:1      | Reached XP level 2. HP: 27/29 MP: 0/0
   322 | D:3      | Reached skill level 3 in Axes
   322 | D:3      | Reached XP level 3. HP: 36/36 MP: 1/1
   421 | D:3      | You fall through a shaft!
   478 | D:4      | Found a glowing golden altar of the Shining One.
   506 | D:4      | Found a staircase to the Ecumenical Temple.
   556 | Temple   | Entered the Ecumenical Temple
   590 | Temple   | Became a worshipper of Makhleb the Destroyer
   699 | D:5      | Entered Level 5 of the Dungeon
   783 | D:5      | Reached XP level 4. HP: 10/45 MP: 1/1
   926 | D:6      | Noticed a giant frog
   941 | D:6      | HP: 2/45 [giant frog (2)]
   941 | D:6      | Slain by an iguana zombie

Action                   |  1- 3 |  4- 6 || total
-------------------------+-------+-------++-------
Melee: Unarmed           |   133 |    16 ||   149
       Hand axe          |       |    30 ||    30
Throw: Throwing net      |     1 |       ||     1
  Use: Potion            |     3 |       ||     3
 Stab: Sleeping          |     1 |       ||     1
       Held in net/web   |     1 |       ||     1
